 Dungeon Crawl Stone Soup version 0.29.0-4-gdea44cf6ec (webtiles) character file.

Game seed: 12640466353464173707

23 qw the Sneak (level 2, 0/19 HPs)
             Began as a Gargoyle Delver on Sept 10, 2022.
             Slain by a gnoll
             ... wielding a +0 halberd
              (2 damage)
             ... on level 4 of the Dungeon.
             The game lasted 00:00:04 (69 turns).

qw the Sneak (Gargoyle Delver)                        Turns: 69, Time: 00:00:05

Health: 0/19       AC:  5    Str: 15    XL:     2   Next: 95%
Magic:  2/2        EV: 11    Int: 10    God:
Gold:   0          SH:  0    Dex: 11    Spells: 1/1 levels left

rFire   . . .      SeeInvis .   a - +0 hand axe
rCold   . . .      Faith    .   (no shield)
rNeg    + . .      Spirit   .   b - +0 leather armour
rPois   inf        Reflect  .   (no helmet)
rElec   +          Harm     .   (no cloak)
rCorr   .          Rampage  .   (no gloves)
Will    .....                   (no boots)
Stlth   +++.......              (no amulet)
HPRegen 0.06/turn               (no ring)
MPRegen 0.08/turn               (no ring)

@: no status effects
A: sickness immunity, AC +2, negative energy resistance 1, electricity
resistance, torment resistance 1, petrification resistance
a: no special abilities


You were on level 4 of the Dungeon.
You visited 1 branch of the dungeon, and saw 2 of its levels.


Innate Abilities, Weirdness & Mutations

You are immune to sickness and miasma.
Your stone body is resilient. (AC +2)
You are immune to poison.
You resist negative energy. (rN+)
You are resistant to electric shocks. (rElec)
You are resistant to unholy torment.
You are immune to petrification.


   Skills:
 - Level 3.2 Fighting
 + Level 3.0 Axes
 - Level 1.5 Dodging
 - Level 5.4 Stealth


You had one spell level left.
You didn't know any spells.
Your spell library was empty.

Inventory:

Hand Weapons
 a - a +0 hand axe (weapon)
 c - a +0 flail
Armour
 b - a +0 leather armour (worn)
Wands
 g - a wand of digging (3)
Potions
 f - a potion of haste

Dungeon Overview and Level Annotations

Branches:
Dungeon (5/15)
 Temple: D:4-7

Altars:


Message History

The gnoll is severely wounded.
The gnoll completely misses you. The gnoll barely misses you.
The goblin shouts!
You hit the gnoll.
You kill the gnoll!
44 ||| Stepping ~*~*~tactically~*~*~ (stealth).
c - a +0 flail You start resting.
A ball python is nearby!
You barely miss the ball python. The ball python closely misses you.
The ball python barely misses you. x2
The ball python closely misses you.
You hit the ball python.
You kill the ball python!
Your Axes skill increases to level 3!
You slash the goblin!
You kill the goblin!
You start resting.
A gnoll is nearby!
52 ||| Stepping ~*~*~tactically~*~*~ (stealth).
You start resting.
A kobold is nearby!
You barely miss the kobold.
The kobold shouts!
You hear a shout!
The kobold closely misses you.
You hit the kobold.
You kill the kobold!
The gnoll misses you. The gnoll hits you but does no damage.
Things that are here:
a +0 short sword; a kobold corpse You hit the gnoll.
The gnoll is moderately wounded.
The gnoll hits you with a +0 halberd!
Ouch! That really hurt!
You hit the gnoll.
The gnoll is severely wounded.
The gnoll hits you with a +0 halberd.
You die...

... .. .. .. #.# ##.##
.gg###g.##....
...)S...)..# . .......
#)## ...
.......##..##....#
#......#.........#
#...##.#@>##.....# #...
.#......g.###...#.. #...
.....#....#.# ..?.
....##....##.....# ...#
##
...#..........#.......#
#.. #...##......#.......
#
....#....#####.##..#.##.
#.......#.....# .##.#
#.....>.#..##.# .. .


You could see a gnoll.

Vanquished Creatures
  2 gnolls (D:4)
  A ball python (D:4)
  A goblin (D:4)
  A kobold (D:4)
5 creatures vanquished.

Notes
Turn   | Place    | Note
-------+----------+-------------------------------------------
     0 | D:5      | qw the Gargoyle Delver began the quest for the Orb.
     0 | D:5      | Reached XP level 1. HP: 14/14 MP: 1/1
     0 | D:5      | 0 ||| qw: Version: 0.1-a-116-g5d60599
     0 | D:5      | 0 ||| qw: Game counter: 9488
     0 | D:5      | 0 ||| qw: Always use a shield: true
     0 | D:5      | 0 ||| qw: God list: Okawaru
     0 | D:5      | 0 ||| qw: Allow faded altars: false
     0 | D:5      | 0 ||| qw: Do Orc after D:15 true
     0 | D:5      | 0 ||| qw: Do second Lair branch before Depths: true
     0 | D:5      | 0 ||| qw: Lair rune preference: random
     0 | D:5      | 0 ||| qw: Plans: Normal
     0 | D:5      | 0 ||| PLANNING D:1-11
     0 | D:5      | 0 ||| DROPPING scroll of fog.
     1 | D:5      | 1 ||| DROPPING scroll of magic mapping.
     2 | D:5      | 2 ||| DROPPING scroll of fear.
    23 | D:4      | 23 ||| Stepping ~*~*~tactically~*~*~ (stealth).
    32 | D:4      | 32 ||| Stepping ~*~*~tactically~*~*~ (stealth).
    35 | D:4      | 35 ||| Stepping ~*~*~tactically~*~*~ (hiding).
    39 | D:4      | Reached XP level 2. HP: 15/19 MP: 2/2
    44 | D:4      | 44 ||| Stepping ~*~*~tactically~*~*~ (stealth).
    50 | D:4      | Reached skill level 3 in Axes
    52 | D:4      | 52 ||| Stepping ~*~*~tactically~*~*~ (stealth).
    68 | D:4      | HP: 2/19 [gnoll/+0 halberd (12)]
    69 | D:4      | Slain by a gnoll

Levels and vault maps discovered:
D:4:      layout_cave_pools, feat_on_display, uniq_pikel
D:5:      layout_cave_pools, kennysheep_generic_room_13, uniq_duvessa

Skill      XL: |  1  2 |
---------------+-------+-----
Axes           | 2 3 |  3.0
Fighting       | |  3.2
Dodging        | |  1.5
Stealth        | |  5.4

Action                   || total
-------------------------++-------
Melee: Hand axe          ||    13
Armor: Leather armour    ||     2
Dodge: Dodged            ||    10

Table legend:
 A = Non-vault XP
 B = Vault XP
 C = Vault XP percentage of total XP
 D = Non-vault monster count
 E = Vault monster count
 F = Vault count percentage of total count
                 A         B        C        D         E       F
            +---------+---------+-------+---------+---------+-------
      Total |      33 |       0 |   0.0 |       5 |       0 |   0.0
            +---------+---------+-------+---------+---------+-------
        D:4 |      33 |       0 |   0.0 |       5 |       0 |   0.0
            +---------+---------+-------+---------+---------+-------
